 Dungeon Crawl Stone Soup version 0.20.2-3-g29329e0561 (webtiles) character file.

367 Alfie the Shield-Bearer (level 6, -3/52 HPs)
             Began as a Minotaur Fighter on Jan 29, 2024.
             Slain by a gnoll
             ... wielding a +0 halberd
              (10 damage)
             ... on level 3 of the Dungeon.
             The game lasted 00:06:44 (1789 turns).

Alfie the Shield-Bearer (Minotaur Fighter)          Turns: 1789, Time: 00:06:44

Health: -3/52      AC:  7    Str: 23    XL:     6   Next: 41%
Magic:  5/5        EV:  9    Int:  5    God:
Gold:   271        SH: 10    Dex:  9    Spells: 5/5 levels left

rFire    . . .     SeeInvis .   a - +0 rapier
rCold    . . .     Gourm    .   c - +0 shield
rNeg     . . .     Faith    .   b - +0 scale mail
rPois    .         Spirit   .   (helmet restricted)
rElec    .         Reflect  .   (no cloak)
rCorr    .         Harm     .   (no gloves)
MR       .....                  (no boots)
Stlth    ..........             (no amulet)
Regen    0.2/turn               (no ring)
MPRegen  0.1/turn               (no ring)

@: no status effects
A: retaliatory headbutt, horns 2
a: no special abilities


You were on level 3 of the Dungeon.
You were not hungry.

You visited 1 branch of the dungeon, and saw 3 of its levels.
You also visited: Sewer.

You collected 271 gold pieces.

Inventory:

Hand Weapons
 a - a +0 rapier (weapon)
Missiles
 j - 10 tomahawks (quivered)
 p - 5 tomahawks of returning
Armour
 b - a +0 scale mail (worn)
 c - a +0 shield (worn)
Jewellery
 m - a cursed -3 ring of protection {unknown}
Scrolls
 e - 3 scrolls of teleportation {unknown}
 h - 2 scrolls of magic mapping {unknown}
 i - 2 scrolls of recharging {unknown}
 k - 2 scrolls of identify {unknown}
 l - 2 scrolls of fog {unknown}
 n - a scroll of amnesia {unknown}
Potions
 d - 2 potions of might
 q - a potion of agility {unknown}
 r - a potion of degeneration {unknown}
 s - 3 potions of curing {unknown}
 t - a potion of haste {unknown}
Comestibles
 f - 2 bread rations
 g - a royal jelly
 o - a meat ration
 u - 4 fruits


   Skills:
 + Level 4.2 Fighting
 + Level 4.1 Short Blades
 + Level 0.2 Throwing
 + Level 4.9 Armour
 + Level 2.6 Dodging
 + Level 5.7 Shields


You had 5 spell levels left.
You didn't know any spells.

Dungeon Overview and Level Annotations

Branches:
Dungeon (3/15)

Altars:


Innate Abilities, Weirdness & Mutations

You reflexively headbutt those who attack you in melee.
You have a pair of horns on your head.


Message History

You struggle against the net.
The hobgoblin shouts!
You struggle against the net.
You rip the net and break free!
The gnoll hits you.
You hit the gnoll but do no damage.
The gnoll is moderately wounded.
You block the gnoll's attack.
You hit the gnoll.
The gnoll is heavily wounded.
The gnoll hits you.
* * * LOW HITPOINT WARNING * * *
The gnoll throws a throwing net.
The throwing net hits you.
You become entangled in the net!
You tear a large gash into the net.
The gnoll drinks a potion.
The gnoll seems to grow stronger.
The gnoll hits you from afar with a halberd!
* * * LOW HITPOINT WARNING * * *
You shred the net and break free!
The gnoll hits you from afar with a halberd!
You die...

... #. #..... .####. .
..... ..# ... .. .....
..# #..####
........#####..###......
..(...g...#.....##......
.....#g #...............
#..g.##............<..
#...g@................
####..................
##.#...............
#.................
#.................
##................
#........#.......
#.....†..##......
#..............#...


You could see 3 gnolls and a hobgoblin.

Vanquished Creatures
  A crocodile (Sewer)
  3 orc wizards (D:3)
  Natasha (thrice) (D:2)
  Robin (D:2)
  2 adders (D:3)
  An ooze (D:3)
  3 dart slugs
  A leopard gecko (D:1)
  10 orcs (D:3)
  5 giant cockroaches
  10 goblins
  10 hobgoblins
  10 jackals
  3 quokkas (D:2)
  10 bats
  2 frilled lizards
  7 kobolds
  5 rats
87 creatures vanquished.

Notes
Turn   | Place    | Note
-------+----------+-------------------------------------------
     0 | D:1      | Alfie the Minotaur Fighter began the quest for the Orb.
     0 | D:1      | Reached XP level 1. HP: 19/19 MP: 0/0
   163 | D:1      | Reached skill level 4 in Shields
   252 | D:1      | Reached XP level 2. HP: 26/26 MP: 1/1
   616 | D:1      | Reached XP level 3. HP: 29/33 MP: 2/2
   849 | D:2      | Noticed Natasha
   852 | D:2      | Killed Natasha
   869 | D:2      | Noticed Natasha
   879 | D:2      | Noticed Robin
   879 | D:2      | Killed Natasha
   879 | D:2      | Reached XP level 4. HP: 26/40 MP: 3/3
   895 | D:2      | Killed Robin
   996 | D:2      | Noticed Natasha
  1001 | D:2      | Killed Natasha
  1001 | D:2      | Reached skill level 1 in Dodging
  1026 | D:2      | Reached XP level 5. HP: 39/46 MP: 4/4
  1344 | D:3      | Reached skill level 5 in Shields
  1509 | D:3      | Reached XP level 6. HP: 9/52 MP: 5/5
  1582 | D:3      | Found a glowing drain.
  1587 | Sewer    | Entered a sewer
  1789 | D:3      | Slain by a gnoll

Skill      XL: |  1  2  3  4  5 |
---------------+----------------+-----
Shields        | 4 5 |  5.7
Fighting       | 4 |  4.2
Armour         | 4 |  4.9
Short Blades   | 3 4 |  4.1
Dodging        | 1 2 |  2.6
Throwing       | |  0.2

Action                   |  1- 3 |  4- 6 || total
-------------------------+-------+-------++-------
Melee: Rapier            |    55 |   142 ||   197
       Headbutt          |     7 |    21 ||    28
Throw: Tomahawk          |       |    21 ||    21
  Eat: Royal jelly       |       |     2 ||     2
Armor: Scale mail        |    24 |    94 ||   118
Dodge: Dodged            |    18 |    98 ||   116
Block: Shield            |    25 |   133 ||   158
